 Seeded DCSS version 0.28-a0-664-gc179e30c89 (webtiles) character file.

Game seed: 1962 (custom seed)

102 dracfodder the Cudgeller (level 4, -7/29 HPs)
             Began as a Gargoyle Berserker on Oct 16, 2021.
             Was a Believer of Trog.
             Mangled by a gnoll (14 damage)
             ... on level 3 of the Dungeon.
             The game lasted 00:02:59 (1935 turns).

dracfodder the Cudgeller (Gargoyle Berserker)       Turns: 1935, Time: 00:03:01

Health: -7/29      AC:  5    Str: 22    XL:     4   Next: 78%
Magic:  4/4        EV: 12    Int:  7    God:    Trog [**....]
Gold:   111        SH:  0    Dex:  9    Spells: 3/3 levels left

rFire   . . .      SeeInvis .   a - +0 mace
rCold   . . .      Faith    .   (no shield)
rNeg    + . .      Spirit   .   b - +0 animal skin
rPois   ∞          Reflect  .   (no helmet)
rElec   +          Harm     .   (no cloak)
rCorr   .          Rampage  .   (no gloves)
Will    ++...                   (no boots)
Stlth   +.........              (no amulet)
HPRegen 1.09/turn               (no ring)
MPRegen 0.09/turn               (no ring)

@: strong-willed, regenerating
A: sickness immunity, AC +3, negative energy resistance 1, electricity
resistance, torment resistance 1, petrification resistance
a: Renounce Religion, Berserk, Trog's Hand


You were on level 3 of the Dungeon.
You worshipped Trog.
Trog was pleased with you.
You visited 1 branch of the dungeon, and saw 3 of its levels.

You collected 111 gold pieces.

Inventory:

Hand Weapons
 a - a +0 mace (weapon)
Missiles
 c - 38 arrows
 e - 34 bolts
 g - 16 poisoned darts (quivered)
 k - 20 stones
 p - 9 sling bullets
Armour
 b - a +0 animal skin (worn)
Scrolls
 j - 2 scrolls of enchant weapon {unknown}
 l - a scroll of summoning {unknown}
 m - a scroll of enchant armour {unknown}
Potions
 d - a potion of flight {unknown}
 f - a potion of lignification {unknown}
 h - a potion of might {unknown}
 i - a potion of brilliance {unknown}
 n - a potion of cancellation {unknown}
 o - a potion of resistance {unknown}


   Skills:
 + Level 4.0 Fighting
 * Level 4.6 Maces & Flails
 + Level 2.2 Armour
 + Level 1.9 Dodging
 + Level 0.6 Stealth


You had 3 spell levels left.
You didn't know any spells.
Your spell library was empty.

Dungeon Overview and Level Annotations

Branches:
Dungeon (3/15)

Altars:


Innate Abilities, Weirdness & Mutations

You are immune to sickness and miasma.
Your stone body is resilient. (AC +3)
You are immune to poison.
You resist negative energy. (rN+)
You are resistant to electric shocks. (rElec)
You are resistant to unholy torment.
You are immune to petrification.


Message History

A gnoll comes into view. It is wielding a +0 spear.
The gnoll hits you but does no damage. The gnoll barely misses you.
You closely miss the gnoll. The gnoll hits you with a +0 halberd!
The gnoll hits you but does no damage.
Natasha hisses.
You are too injured to fight recklessly!
You are too injured to fight recklessly!
The gnoll hits you from afar with a +0 halberd.
Natasha zaps a wand.
You resist with some effort.
Things that are here:
a +0 dagger; 19 stones; a red potion Natasha wildly gestures.
You feel disoriented.
You hit Natasha.
Natasha is lightly wounded.
Natasha claws you.
* * * LOW HITPOINT WARNING * * *
You sock Natasha!
Natasha is severely wounded.
The gnoll barely misses you.
Natasha zaps a wand.
You resist with some effort.
You hit Natasha.
Natasha is severely wounded.
Natasha stares at you and mumbles some strange words.
You resist with some effort. The gnoll completely misses you.
Unknown command.
Your skin crawls.
You feel strong-willed. Natasha barely misses you. The gnoll misses you.
You closely miss Natasha.
Natasha is severely wounded.
Natasha stares at you and mumbles some strange words.
The magic dart hits you but does no damage.
The gnoll misses you.
You sock Natasha!
You kill Natasha!
Trog accepts your kill.
Trog appreciates your killing of a magic user.
Suddenly Natasha's spirit rises from her lifeless body.
The gnoll hits you from afar with a +0 halberd!
You die...

..# . #.# .#
##'###.###
#.........
#.......#
#.gg....# #g#
####### #)#
#.....# #@#
#.....######.#
#####.........##.#
#.............'..#
#.######......####
#.# #......# #.#
#......# #.#
#......###########
#.#
#......'.........#


You could see 3 gnolls.

Vanquished Creatures
  Natasha (twice) (D:3)
  3 adders
  A worm (D:2)
  2 dart slugs (D:2)
  4 ball pythons
  6 endoplasms
  2 giant cockroaches (D:2)
  5 goblins
  6 hobgoblins
  3 quokkas
  2 bats
  A frilled lizard (D:1)
  5 kobolds
  A rat (D:2)
43 creatures vanquished.

Notes
Turn   | Place    | Note
-------+----------+-------------------------------------------
     0 | D:1      | dracfodder the Gargoyle Berserker began the quest for the
                  | Orb.
     0 | D:1      | Reached XP level 1. HP: 14/14 MP: 1/1
    60 | D:1      | Reached XP level 2. HP: 15/19 MP: 2/2
   821 | D:1      | Found a faded altar of an unknown god.
   912 | D:2      | Reached XP level 3. HP: 24/24 MP: 3/3
  1135 | D:2      | Reached ** piety under Trog
  1652 | D:3      | Reached XP level 4. HP: 24/29 MP: 4/4
  1748 | D:3      | Noticed Natasha
  1761 | D:3      | Killed Natasha
  1923 | D:3      | Noticed Natasha
  1935 | D:3      | Killed Natasha
  1935 | D:3      | Mangled by a gnoll

Illustrated notes

Levels and vault maps discovered:
D:1:      eino_arrival_water_cross, layout_basic,
          chequers_ecumenical_altar_simple
D:2:      layout_basic
D:3:      layout_basic, uniq_natasha

Skill      XL: |  1  2  3  4 |
---------------+-------------+-----
Maces & Flails | 4 |  4.6
Fighting       | 4 |  4.0
Armour         | |  2.2
Dodging        | |  1.9
Stealth        | |  0.6

Action                   |  1- 3 |  4- 6 || total
-------------------------+-------+-------++-------
Melee: Mace              |    86 |    30 ||   116
Invok: Trog's Hand       |       |     1 ||     1
 Stab: Sleeping          |     1 |       ||     1
Armor: Animal skin       |    26 |     9 ||    35
       Skin              |       |     7 ||     7
Dodge: Dodged            |    42 |    13 ||    55

Table legend: (Time is in decaauts)
 A = Elapsed time spent in this place.
 B = Non-inter-level travel time spent in this place.
 C = Inter-level travel time spent in this place.
 D = Time resting spent in this place.
 E = Time spent auto-exploring this place.
 F = Levels seen in this place.
 G = Mean time per level.
                   A        B        C        D        E       F      G
               +--------+--------+--------+--------+--------+-----+--------+
         Total |   1959 |   1929 |     30 |     81 |   1551 |   3 |  653.0 |
       Dungeon |   1959 |   1929 |     30 |     81 |   1551 |   3 |  653.0 |
               +--------+--------+--------+--------+--------+-----+--------+

Top non-repeatable levels by time:
     D:1: 854 daAuts
     D:2: 794 daAuts
     D:3: 309 daAuts
